 Dungeon Crawl Stone Soup version bcrawl-1.12-11-gb93c957c58 (webtiles) character file.

Game seed: 15358210855667232072

225536 Gumption the Tortoise (level 18, -20/119 HPs)
             Began as a Gargoyle Archaeologist on June 19, 2019.
             Was the Champion of Qazlal.
             Demolished by a white very ugly thing (53 damage)
             ... on level 1 of the Depths on June 20, 2019.
             The game lasted 03:31:27 (30213 turns).

Gumption the Tortoise (Gargoyle Archaeologist)     Turns: 30213, Time: 03:31:28

Health: -20/119    AC: 61    Str: 19    XL:     18   Next: 86%
Magic:  27/27      EV: 13    Int: 19    God:    Qazlal [******]
Gold:   3936       SH: 22    Dex: 11    Spells: 17/17 levels left

rFire    . . .     SeeInvis .   a - +8 eveningstar (holy)
rCold    + . .     Gourm    .   K - +1 shield {AC+3}
rNeg     + . .     Faith    .   f - +27 Lear's hauberk
rPois    ∞         Spirit   .   (helmet currently unavailable)
rElec    +         Reflect  .   o - +1 cloak
rCorr    +         Harm     .   (gloves currently unavailable)
MR       ++...                  (boots currently unavailable)
Stlth    ..........             p - amulet of regeneration
HPRegen  0.69/turn              V - ring of protection from magic
MPRegen  0.20/turn              C - ring of the Octopus King {rCorr AC+1 EV+1 Str+1 Int+1 Dex+1}

@: protected from cold, flying, repel missiles
A: big wings, negative energy resistance 1, electricity resistance, unbreathing,
petrification resistance, rot immunity, AC +13
}: 2/15 runes: decaying, serpentine
a: Stop Flying, Upheaval, Elemental Force, Disaster Area, Renounce Religion


You were on level 1 of the Depths.
You worshipped Qazlal.
Qazlal was exalted by your worship.
You were not hungry.

You visited 7 branches of the dungeon, and saw 27 of its levels.
You visited the Abyss 1 time.
You also visited: Gauntlet.

You collected 3936 gold pieces.

Inventory:

Hand Weapons
 a - a +8 eveningstar of holy wrath (weapon)
 b - the +9 hunting sling of the Mosquito {freeze, rC+ rN+ MR- Str+3}
   (You found it on level 4 of the Dungeon)

   It causes projectiles fired from it to freeze those they strike, causing
   extra injury to most foes and up to half again as much damage against
   particularly susceptible opponents.
   They can also slow down cold-blooded creatures.
   It affects your strength (+3).
   It protects you from cold.
   It protects you from negative energy.
   It affects your resistance to hostile enchantments.
Missiles
 k - 7942 stones
 s - a throwing net {!f}
 u - 506 tomahawks (quivered)
Armour
 f - the +27 Lear's hauberk (worn)
 o - a +1 cloak (worn)
 K - a +1 shield of protection (worn)
Jewellery
 j - an uncursed ring of positive energy
 p - an amulet of regeneration (around neck)
 t - the ring "Mekluf" {rPois rF+ rN+ Str+3}
   (You found it in a Gauntlet)

   [ring of positive energy]

   It affects your strength (+3).
   It protects you from fire.
   It protects you from poison.
   It protects you from negative energy.
 y - an uncursed amulet of guardian spirit
 C - a ring of the Octopus King (right hand) {rCorr AC+1 EV+1 Str+1 Int+1 Dex+1}
   (You found it on level 11 of the Dungeon)

   [ring of resist corrosion]

   It affects your AC (+1).
   It affects your evasion (+1).
   It affects your strength (+1).
   It affects your intelligence (+1).
   It affects your dexterity (+1).
 V - a ring of protection from magic (left hand)
Wands
 g - a wand of clouds (4)
 q - a wand of iceblast (38)
 v - a wand of enslavement (5)
 A - a wand of polymorph (7)
 D - a wand of paralysis (34)
 L - a wand of scattershot (5)
 O - a wand of acid (6)
 R - a wand of digging (18)
 W - a wand of random effects (5)
Scrolls
 l - 16 scrolls of remove curse
 m - 6 scrolls of immolation
 n - 6 scrolls of fear
 r - 9 scrolls of teleportation
 B - 12 scrolls of enchant armour
 E - 7 scrolls of magic mapping
 F - 6 scrolls of identify
 G - a scroll of vulnerability
 M - 6 scrolls of fog
 P - a scroll of enchant weapon
 T - a scroll of silence
 X - a scroll of blinking
Potions
 c - 6 potions of invisibility
 d - 7 potions of curing
 h - 2 potions of agility
 i - 4 potions of ambrosia
 w - 2 potions of might
 x - 11 potions of haste
 z - 2 potions of heal wounds
 H - 6 potions of cancellation
 I - 3 potions of berserk rage
 J - 5 potions of lignification
 N - a potion of magic
 Q - 3 potions of mutation
 S - 6 potions of brilliance
Comestibles
 e - 56 rations {!d}


   Skills:
 * Level 15.2 Fighting
 - Level 16.0 Maces & Flails
 * Level 16.2 Armour
 + Level 9.2 Dodging
 - Level 5.3 Stealth
 - Level 15.0 Shields
 - Level 12.0 Invocations
 + Level 4.7 Evocations


You had 17 spell levels left.
You didn't know any spells.
Your spell library contained the following spells:

 Spells                   Type           Power        Failure   Level  Hunger
 Apportation              Tloc           #.....       73%         1    ##.....
 Freeze                   Ice            #...         73%         1    ##.....
 Summon Butterflies       Summ           #.......     73%         1    ##.....
 Summon Small Mammal      Summ           #...         73%         1    ##.....
 Call Imp                 Summ           #.......     86%         2    ###....
 Throw Frost              Conj/Ice       #.....       86%         2    ###....
 Call Canine Familiar     Summ           #.......     97%         3    ####...
 Lesser Beckoning         Tloc           #.........   97%         3    ####...
 Ozocubu's Armour         Chrm/Ice       #.......     97%         3    ####...
 Tukima's Dance           Hex            #.......     97%         3    ####...
 Summon Ice Beast         Ice/Summ       #.......     100%        4    #####..
 Throw Icicle             Conj/Ice       #.......     100%        4    #####..
 Alistair's Intoxication  Tmut/Pois      #.......     100%        5    ######.
 Bolt of Magma            Conj/Fire/Erth #.........   100%        5    ######.
 Fireball                 Conj/Fire      #.........   100%        5    ######.
 Irradiate                Conj/Tmut      #.........   100%        5    ######.
 Summon Lightning Spire   Summ/Air       #.......     100%        5    ######.
 Summon Mana Viper        Hex/Summ       #.......     100%        5    ######.
 Tree Form                Hex/Tmut       N/A          100%        5    ######.
 Bolt of Fire             Conj/Fire      #.........   100%        6    #######
 Invisibility             Hex            #.......     100%        6    #######
 Dragon Form              Tmut           #.........   100%        7    #######
 Ring of Flames           Chrm/Fire      #.........   100%        7    #######
 Summon Hydra             Summ           #.........   100%        7    #######
 Ignition                 Fire           #.........   100%        8    #######
 Necromutation            Tmut/Necr      #.........   100%        8    #######
 Statue Form              Tmut/Erth      Unusable     N/A         6    N/A

Dungeon Overview and Level Annotations

Branches:
Dungeon (12/12)            Temple (1/1) D:6            Lair (6/6) D:9
  Swamp (3/3) Lair:2        Snake (3/3) Lair:3        Slime (0/5) Lair:5
    Orc (1/1) D:8             Elf (0/3) Orc          Vaults (0/3) D:12
 Depths (1/5) D:12

Altars:
Ashenzari
Cheibriados
Dithmenos
Elyvilon
Fedhas
Gozag
Hepliaklqana
Kikubaaqudgha
Lugonu
Makhleb
Nemelex Xobeh
Okawaru
Qazlal
Ru
Sif Muna
Trog
Uskayaw
Vehumet
Wu Jian
Xom
Yredelemnul
Zin
The Shining One
Jiyva

Shops:
D:9 (   D:10 **   Orc [*(:   Snake:2 ?[!   Snake:3 (

Annotations:
D:12 exclusion: Roxanne, Roxanne


Innate Abilities, Weirdness & Mutations

You are resistant to torment.
Your stone body is resilient. (AC +13)
You are immune to poison.
Your large and strong wings let you fly indefinitely.
You resist negative energy. (rN+)
You are resistant to electric shocks. (rElec)
You can survive without breathing.
You are immune to petrification.
You are immune to rotting.


Message History

You hit the green very ugly thing but do no damage.
The green very ugly thing is heavily wounded.
The green very ugly thing trunk-slaps you!
* * * LOW HITPOINT WARNING * * *
You bludgeon the green very ugly thing!!
The green very ugly thing is severely wounded.
The green very ugly thing basks in the mutagenic energy from its kin and changes!
You sock the white very ugly thing!
The white very ugly thing is severely wounded.
You closely miss the white very ugly thing.
The white very ugly thing is severely wounded.
You puncture the white very ugly thing!
The white very ugly thing is almost dead.
The cyan very ugly thing is engulfed in freezing vapours.
The white very ugly thing stings you.
* * * LOW HITPOINT WARNING * * *
The white very ugly thing freezes you!!!
Your resistance to electricity fades away.
You feel protected from cold.
You die...

.# #####.##### ###
#?#:#?.:#?###..
#.........#..#
#.........#@#
#.........#u#
#.........Tu######..
#.........).........
#.........†..#######
#.........#..#......
#.........#...####
#.........#.†....####.
#:#?#:.?.:............


You could see 2 very ugly things and a deep troll.

Vanquished Creatures
  Vashnia (Snake:3)
  the Lernaean hydra (Swamp:3)
  Nikola (Snake:3)
  A lich (Depths:1)
  Jorgrun (Snake:1)
  10 nagarajas
  An orc warlord (D:8)
  A very ugly thing (Depths:1)
  The ghost of EnegeticOcto the Cleaver, a journeyman MiSA of Cheibriados (Lair:3)
  Azrael (Snake:1)
  The ghost of Banto the Thaumaturge, a journeyman OnEE of Ashenzari (Lair:4)
  A minotaur (Gauntlet)
  The ghost of MisterOstroum the Grappler, a journeyman TrCK of Xom (Lair:2)
  A yaktaur captain (D:8)
  8 vault guards (D:12)
  A shambling mangrove (Swamp:2)
  13 naga warriors
  A rakshasa (D:12)
  Psyche (D:12)
  Erica (D:8)
  4 centaur warriors (D:12)
  A merfolk avatar (Lair:6)
  2 ghost crabs
  3 two-headed ogres (D:9)
  20 hydras
  8 death yaks
  6 anacondas
  13 alligators
  A vampire mage (Depths:1)
  Urug (Lair:2)
  2 deep troll earth magi (Depths:1)
  8 naga sharpshooters
  2 tengu warriors
  2 orc high priests
  2 shock serpents
  2 salamander mystics
  2 sixfirhies (Gauntlet)
  4 sea snakes
  A spriggan druid (Swamp:1)
  A flayed ghost (Depths:1)
  A deep troll (Depths:1)
  8 swamp dragons
  A glowing orange brain (D:12)
  2 naga ritualists
  Pikel (D:4)
  2 harpies
  2 necromancers
  3 deep elf magi
  3 orc knights
  2 cyclopes
  A mana viper (shapeshifter) (Gauntlet)
  3 mana vipers (Snake:1)
  A wolf spider (Lair:4)
  2 orc sorcerers (Orc)
  4 ugly things
  3 salamanders
  5 manticores
  4 elephants
  4 guardian serpents
  2 centaur zombies
  26 black mambas
  20 naga magi
  17 cane toads
  3 gargoyles
  A centaur skeleton (D:6)
  4 torpor snails
  5 yaktaurs (D:12)
  11 rime drakes
  2 efreet
  3 kobold demonologists
  A freezing wraith (D:12)
  12 komodo dragons
  A komodo dragon (shapeshifter) (D:12)
  A hornet (shapeshifter) (Depths:1)
  A wind drake (Lair:6)
  3 meliai (D:11)
  5 polar bears
  8 hornets
  Grinder (D:3)
  7 trolls
  6 tyrant leeches
  21 blink frogs
  6 hippogriffs
  A meliai zombie (D:8)
  10 slime creatures
  16 bog bodies
  An ettin zombie (Depths:1)
  12 dream sheep
  A deep troll skeleton (Depths:1)
  13 spriggans
  An ettin skeleton (Depths:1)
  2 shadows (D:12)
  A spriggan (shapeshifter) (D:12)
  4 hogs (D:7)
  A human (D:7)
  Eustachio (D:4)
  43 yaks
  4 fire elementals (Snake:1)
  18 vampire mosquitoes
  3 basilisks
  2 wyverns
  3 hungry ghosts
  A naga (shapeshifter) (D:12)
  6 wargs
  58 nagas
  10 swamp worms
  Duvessa (D:7)
  6 water moccasins
  A hell hound (Snake:1)
  4 porcupines
  13 swamp drakes
  2 sky beasts
  22 orc warriors
  3 ice beasts
  A hornet zombie (D:11)
  3 black bears
  4 ogres
  A phantom (D:11)
  A spriggan simulacrum (Depths:1)
  An eye of draining (D:9)
  An eye of draining (shapeshifter) (D:12)
  34 wolves
  A centaur (shapeshifter) (Gauntlet)
  10 centaurs
  18 crocodiles
  3 big kobolds
  9 bullfrogs
  Dowan (D:7)
  2 scorpions (D:6)
  10 wights
  12 killer bees
  4 electric eels
  2 howler monkeys
  A bullfrog zombie (D:6)
  3 crimson imps
  6 jellies
  2 quasits
  5 hounds
  Crazy Yiuf (D:7)
  12 orc priests
  2 bullfrog skeletons
  Ijyb (D:3)
  2 iguanas
  Natasha (thrice) (D:4)
  8 orc wizards
  6 worker ants
  A killer bee zombie (D:6)
  A hound zombie (D:5)
  A hound skeleton (D:5)
  3 gnolls (Orc)
  6 adders
  A river rat (shapeshifter) (D:12)
  A shadow imp (D:9)
  An ooze (D:2)
  4 adder skeletons
  2 worms (D:2)
  A dart slug (D:2)
  2 leopard geckos (D:1)
  44 orcs
  6 bats
  6 goblins
  10 hobgoblins
  4 jackals (D:6)
  4 quokkas
  2 ball pythons (D:2)
  3 frilled lizards
  30 kobolds
  6 rats
  A bush (Lair:2)
  3 fungi
  A plant (Swamp:3)
930 creatures vanquished.

Vanquished Creatures (collateral kills)
  An orc knight (D:8)
  A yak (Lair:5)
  An orc warrior (D:8)
  An orc (D:8)
4 creatures vanquished.

Vanquished Creatures (others)
  A hydra (Swamp:2)
  2 naga warriors (Snake:3)
  A naga mage (Snake:3)
  A vampire mosquito (Swamp:3)
  A swamp drake (Swamp:1)
  A worker ant (D:12)
  28 fungi
  29 plants
64 creatures vanquished.

Grand Total: 998 creatures vanquished

Notes
Turn   | Place    | Note
-------+----------+-------------------------------------------
     0 | D:1      | Gumption the Gargoyle Archaeologist began the quest for the
                  | Orb.
     0 | D:1      | Reached XP level 1. HP: 12/12 MP: 1/1
   355 | D:1      | Reached XP level 2. HP: 16/16 MP: 2/2
  1279 | D:1      | Reached skill level 1 in Armour
  1442 | D:2      | Reached XP level 3. HP: 10/21 MP: 3/3
  2271 | D:2      | Reached XP level 4. HP: 26/26 MP: 4/4
  2802 | D:3      | Noticed a centaur
  2807 | D:3      | Noticed Ijyb
  2834 | D:3      | Killed a centaur
  2834 | D:3      | Reached XP level 5. HP: 12/31 MP: 5/5
  3197 | D:3      | Noticed Grinder
  3430 | D:3      | Killed Ijyb
  3632 | D:3      | Paralysed by Grinder for 4 turns
  3645 | D:3      | Killed Grinder
  3645 | D:3      | Reached skill level 5 in Stealth
  3645 | D:3      | Reached XP level 6. HP: 37/37 MP: 6/6
  3934 | D:4      | Reached XP level 7. HP: 23/41 MP: 7/7
  4085 | D:4      | Noticed Natasha
  4098 | D:4      | Killed Natasha
  4113 | D:4      | Noticed Natasha
  4130 | D:4      | Killed Natasha
  4130 | D:4      | Reached skill level 1 in Shields
  4303 | D:4      | Noticed Pikel
  4314 | D:4      | Killed Pikel
  4314 | D:4      | Reached XP level 8. HP: 48/48 MP: 8/8
  4391 | D:4      | Got a faintly glowing hunting sling
  4395 | D:4      | Noticed Natasha
  4398 | D:4      | Noticed Eustachio
  4418 | D:4      | Killed Natasha
  4422 | D:4      | Killed Eustachio
  4422 | D:4      | Reached skill level 1 in Maces & Flails
  4492 | D:4      | Identified the +9 hunting sling of the Mosquito {freeze,
                  | rC+ rN+ MR- Str+3} (You found it on level 4 of the Dungeon)
  4814 | D:5      | Entered Level 5 of the Dungeon
  4948 | D:5      | Reached skill level 5 in Fighting
  5258 | D:5      | Reached skill level 5 in Shields
  5258 | D:5      | Reached XP level 9. HP: 54/54 MP: 9/9
  6046 | D:6      | Found a staircase to the Ecumenical Temple.
  6059 | Temple   | Entered the Ecumenical Temple
  6273 | Temple   | Became a worshipper of Qazlal Stormbringer
  6598 | D:6      | Noticed a death knight
  7107 | D:7      | Found a shattered altar of Ashenzari.
  7139 | D:7      | Reached skill level 5 in Maces & Flails
  7161 | D:7      | Noticed Duvessa
  7162 | D:7      | Noticed Dowan
  7165 | D:7      | Killed Dowan
  7181 | D:7      | Killed Duvessa
  7259 | D:7      | Reached XP level 10. HP: 60/60 MP: 10/10
  7348 | D:7      | Found a sparkling altar of Nemelex Xobeh.
  7358 | D:7      | Found a blossoming altar of Fedhas.
  7436 | D:7      | Found a runed door.
  7492 | D:7      | Noticed a deep elf mage
  7530 | D:7      | Reached * piety under Qazlal
  7536 | D:7      | Noticed a sixfirhy
  7537 | D:7      | Noticed an orange demon
  7537 | D:7      | Killed a deep elf mage
  7829 | D:7      | Noticed Crazy Yiuf
  7834 | D:7      | Killed Crazy Yiuf
  7873 | D:8      | Noticed a green ugly thing
  7897 | D:8      | Killed a green ugly thing
  8143 | D:8      | Reached skill level 10 in Armour
  8221 | D:8      | HP: 3/63 [orc priest/divine providence (12)]
  8362 | D:8      | Reached XP level 11. HP: 63/67 MP: 11/11
  8476 | D:8      | Reached ** piety under Qazlal
  8538 | D:8      | Noticed a tengu warrior
  8538 | D:8      | Noticed a deep elf mage
  8564 | D:8      | Killed a deep elf mage
  8619 | D:8      | Killed a tengu warrior
  8653 | D:8      | Found a large runed door.
  8657 | D:8      | Found a large runed door.
  8658 | D:8      | Got a warped plate armour
  8810 | D:8      | Found a staircase to the Orcish Mines.
  9263 | D:8      | Found a shadowy altar of Dithmenos.
  9263 | D:8      | Noticed a yaktaur captain
  9286 | D:8      | Killed a yaktaur captain
  9286 | D:8      | Reached skill level 10 in Shields
  9294 | D:8      | Noticed a harpy
  9295 | D:8      | Found an ornate altar of the Wu Jian Council.
  9316 | D:8      | Killed a harpy
  9426 | D:9      | Found Fenugy's Weapon Emporium.
  9484 | D:9      | Found a staircase to the Lair.
  9484 | D:9      | Noticed a two-headed ogre
  9613 | D:9      | Noticed a cyclops
  9660 | D:9      | Killed a cyclops
  9660 | D:9      | Reached skill level 1 in Invocations
  9732 | D:9      | Killed a two-headed ogre
  9888 | D:9      | Noticed a two-headed ogre
  9905 | D:9      | Killed a two-headed ogre
  9905 | D:9      | Reached XP level 12. HP: 61/75 MP: 13/13
 10176 | D:9      | Noticed a two-headed ogre
 10186 | D:9      | Killed a two-headed ogre
 10483 | D:9      | Reached skill level 10 in Maces & Flails
 10700 | D:9      | Identified the +5 plate armour "Numaelie" {rF+ Int+3} (You
                  | found it on level 8 of the Dungeon)
 10724 | D:10     | Entered Level 10 of the Dungeon
 10754 | D:10     | Reached *** piety under Qazlal
 11195 | D:10     | Found Zuosacsi's Assorted Antiques.
 11227 | D:10     | Found Biadugy's General Store.
 11543 | Lair:1   | Entered Level 1 of the Lair of Beasts
 12086 | Lair:1   | Got a shimmering war axe
 12285 | Lair:2   | Noticed a six-headed hydra
 12300 | Lair:2   | Killed a six-headed hydra
 12335 | Lair:2   | Found a runed translucent door.
 12337 | Lair:2   | Identified the +9 trident "Mucyshre" {elec, Fragile MP+9
                  | Int+4 SInv}
 12338 | Lair:2   | Noticed MisterOstroum's ghost (journeyman TrCK)
 12339 | Lair:2   | Noticed a spriggan rider
 12468 | Lair:2   | Noticed Urug
 12504 | Lair:2   | Killed Urug
 12526 | Lair:2   | Found a staircase to the Swamp.
 13277 | Lair:2   | Noticed a seven-headed hydra
 13297 | Lair:2   | Killed a seven-headed hydra
 13385 | Lair:3   | Reached XP level 13. HP: 78/80 MP: 16/16
 13409 | Lair:3   | Found a runed translucent gate.
 13409 | Lair:3   | Noticed EnegeticOcto's ghost (journeyman MiSA)
 13410 | Lair:3   | Found a runed translucent gate.
 13411 | Lair:3   | Found a runed translucent gate.
 13417 | Lair:3   | Found a gate leading to a gauntlet.
 13434 | Lair:3   | Reached skill level 5 in Invocations
 13462 | Gauntlet | Entered a Gauntlet
 13462 | Gauntlet | Found a transporter.
 13462 | Gauntlet | Found a transporter.
 13466 | Gauntlet | Found a transporter.
 13466 | Gauntlet | Found a transporter.
 13479 | Gauntlet | Found a transporter.
 13492 | Gauntlet | Found a transporter.
 13496 | Gauntlet | Found a transporter.
 13496 | Gauntlet | Found a transporter.
 13500 | Gauntlet | Found a transporter.
 13517 | Gauntlet | Found a transporter.
 13526 | Gauntlet | Found a transporter.
 13548 | Gauntlet | Found a transporter.
 13581 | Gauntlet | Found a transporter.
 13595 | Gauntlet | Found a transporter.
 13697 | Gauntlet | Found a transporter.
 13711 | Gauntlet | Found a transporter.
 14250 | Gauntlet | Got a bound tin ring
 14348 | Gauntlet | Reached skill level 10 in Fighting
 14497 | Gauntlet | Noticed a minotaur
 14538 | Gauntlet | Killed a minotaur
 14637 | Lair:3   | Identified a scroll of acquirement
 14640 | Lair:3   | Got an ancient great mace
 14971 | Lair:3   | Reached **** piety under Qazlal
 15039 | Lair:3   | Found a staircase to the Snake Pit.
 15041 | Lair:3   | Identified the +8 great mace of Biuxy {drain, rElec Str+2}
                  | (You acquired it on level 3 of the Lair of Beasts)
 15044 | Lair:3   | Identified the ring "Mekluf" {rPois rF+ rN+ Str+3} (You
                  | found it in a Gauntlet)
 15501 | Lair:3   | Killed EnegeticOcto's ghost
 15512 | Lair:3   | Upgraded the game from bcrawl-1.12-10-g10a67aac0f to
                  | bcrawl-1.12-11-gb93c957c58
 15819 | Lair:4   | Found a runed translucent gate.
 15819 | Lair:4   | Noticed Banto's ghost (journeyman OnEE)
 15820 | Lair:4   | Found a runed translucent gate.
 15820 | Lair:4   | Found a runed translucent gate.
 15909 | Lair:4   | Gained mutation: Your large and strong wings let you fly
                  | indefinitely. [Gargoyle growth]
 15909 | Lair:4   | Reached XP level 14. HP: 86/88 MP: 18/18
 15961 | Lair:4   | Reached ***** piety under Qazlal
 17010 | Lair:5   | Found a staircase to the Slime Pits.
 17010 | Lair:5   | Found a viscous altar of Jiyva.
 17505 | Lair:6   | Entered Level 6 of the Lair of Beasts
 17863 | Lair:6   | Reached XP level 15. HP: 95/95 MP: 21/21
 18593 | Lair:6   | Got a faintly glowing falchion
 19065 | Lair:4   | Killed Banto's ghost
 19084 | Lair:4   | Got a jewelled ring mail
 19341 | D:11     | Reached ****** piety under Qazlal
 19367 | D:11     | Reached skill level 15 in Shields
 19423 | D:11     | Found the ring of the Octopus King
 19443 | D:11     | Got a ring of the Octopus King
 19493 | D:11     | Identified a ring of the Octopus King {rCorr AC+1 EV+1
                  | Str+1 Int+1 Dex+1} (You found it on level 11 of the
                  | Dungeon)
 20160 | D:12     | Entered Level 12 of the Dungeon
 20166 | D:12     | Noticed Psyche
 20174 | D:12     | Killed Psyche
 20492 | D:12     | Got a shimmering battleaxe
 20687 | D:12     | Found a staircase to the Depths.
 20713 | D:12     | Reached skill level 5 in Dodging
 20794 | D:12     | Found a gate to the Vaults.
 20818 | D:12     | Reached XP level 16. HP: 100/101 MP: 23/23
 20887 | D:12     | Identified Roxanne's Tome of Moulding
 20887 | D:12     | Noticed Roxanne
 20980 | D:12     | Found a hazy altar of Hepliaklqana.
 21240 | D:12     | Got a transparent long sword
 21489 | Orc      | Entered the Orcish Mines
 21489 | Orc      | Found Haront's Antique Weapon Boutique.
 21513 | Orc      | Noticed Erica
 21606 | D:8      | Killed Erica
 21913 | Orc      | Found Ufustuxe's General Store.
 21933 | Orc      | Found a staircase to the Elven Halls.
 21956 | Orc      | Found Nauket's Antique Armour Shop.
 22113 | Orc      | Found Eruzioh's Book Boutique.
 22839 | Lair:2   | Killed MisterOstroum's ghost
 23003 | Swamp:1  | Entered Level 1 of the Swamp
 23037 | Swamp:1  | Got a jewelled battleaxe
 23183 | Swamp:1  | Reached skill level 10 in Invocations
 23306 | Swamp:1  | Reached skill level 15 in Maces & Flails
 24425 | Swamp:3  | Entered Level 3 of the Swamp
 24777 | Swamp:3  | Reached XP level 17. HP: 92/108 MP: 24/24
 25452 | Swamp:3  | Noticed the 27-headed Lernaean hydra
 25475 | Swamp:3  | Killed the 27-headed Lernaean hydra
 25505 | Swamp:3  | Identified the +6 battleaxe "Raodus" {vamp, Dex+3} (You
                  | found it on level 1 of the Swamp)
 25505 | Swamp:3  | Got a decaying rune of Zot
 25788 | Snake:1  | Entered Level 1 of the Snake Pit
 25905 | Snake:1  | Noticed Azrael
 25923 | Snake:1  | Killed Azrael
 26629 | Snake:1  | Noticed Jorgrun
 26648 | Snake:1  | Killed Jorgrun
 26659 | Snake:1  | Reached skill level 15 in Armour
 27387 | Snake:2  | Found Yhaip's Distillery.
 27389 | Snake:2  | Found Kafo's Armour Shoppe.
 27391 | Snake:2  | Found Wyrugasi's Magic Scroll Emporium.
 28121 | Snake:3  | Entered Level 3 of the Snake Pit
 28145 | Snake:3  | Reached XP level 18. HP: 113/116 MP: 27/27
 28226 | Snake:3  | Reached skill level 1 in Evocations
 28645 | Snake:3  | Noticed Nikola
 28649 | Snake:3  | Noticed Vashnia
 28704 | Snake:3  | Killed Nikola
 28955 | Snake:3  | Killed Vashnia
 29359 | Snake:3  | Reached skill level 15 in Fighting
 29371 | Snake:3  | Got a serpentine rune of Zot
 29524 | Snake:3  | Found a shattered altar of Ashenzari.
 29697 | Snake:3  | Found Aptiwk's Antique Weapon Shoppe.
 29852 | D:9      | Identified the +7 long sword of Certain Death {slice, rPois
                  | Str+5} (You found it on level 12 of the Dungeon)
 29985 | Depths:1 | Entered Level 1 of the Depths
 30096 | Depths:1 | Noticed a lich
 30100 | Depths:1 | Cast into level 3 of the Abyss (a lich)
 30109 | Abyss:3  | Found a corrupted altar of Lugonu.
 30113 | Depths:1 | Escaped the Abyss
 30122 | Depths:1 | Killed a lich
 30213 | Depths:1 | Demolished by a white very ugly thing

Skill      XL: |  1  2  3  4  5  6  7  8  9 10 11 12 13 14 15 16 17 18 |
---------------+-------------------------------------------------------+-----
Stealth        | 4 5 |  5.3
Armour         | 1 2 4 6 8 9 10 11 12 13 14 15 16 | 16.2
Fighting       | 2 3 4 5 6 7 8 9 10 11 12 13 14 15 | 15.2
Dodging        | 3 4 5 6 7 9 |  9.2
Shields        | 3 5 7 9 10 12 13 14 15 | 15.0
Maces & Flails | 3 5 7 9 10 12 13 14 15 16 | 16.0
Invocations    | 2 4 6 8 9 10 12 | 12.0
Evocations     | 4 |  4.7

Action                   |  1- 3 |  4- 6 |  7- 9 | 10-12 | 13-15 | 16-18 || total
-------------------------+-------+-------+-------+-------+-------+-------++-------
Melee: Unarmed           |    27 |    12 |       |       |       |       ||    39
       Short sword       |    98 |       |       |       |       |       ||    98
       Dagger            |    74 |   160 |    71 |       |       |       ||   305
       Whip              |       |       |   217 |  1061 |       |       ||  1278
       Eveningstar       |       |       |       |    46 |  1390 |  1578 ||  3014
 Fire: Hunting sling     |       |       |   113 |     7 |       |       ||   120
Throw: Stone             |       |     5 |       |       |       |       ||     5
       Tomahawk          |       |       |       |       |    33 |    11 ||    44
Invok: Elemental Force   |       |       |       |       |     2 |     5 ||     7
       Disaster Area     |       |       |       |       |       |     2 ||     2
 Abil: Evoke Flight      |       |       |     2 |       |       |       ||     2
       Fly               |       |       |       |       |     1 |       ||     1
Evoke: Wand              |       |       |       |     1 |       |       ||     1
  Use: Scroll            |       |     2 |     7 |     8 |     9 |    12 ||    38
       Potion            |       |       |       |       |     3 |     1 ||     4
 Stab: Sleeping          |     6 |       |       |       |       |       ||     6
       Invisible         |       |       |       |       |       |     2 ||     2
       Confused          |       |       |       |       |       |     1 ||     1
       Distracted        |       |       |       |       |       |     1 ||     1
  Eat: Chunk             |     4 |     6 |     8 |    17 |    17 |     5 ||    57
       Ration            |       |       |     1 |     1 |     3 |     8 ||    13
Armor: Robe              |    64 |       |       |       |       |       ||    64
       Chain mail        |    13 |    82 |   173 |   716 |   833 |   863 ||  2680
       Skin              |       |     1 |       |       |       |       ||     1
       Plate armour      |       |     2 |    56 |       |       |       ||    58
Dodge: Dodged            |   100 |    56 |    81 |   249 |   380 |   506 ||  1372
       Deflected         |       |       |       |       |    20 |    64 ||    84
Block: Shield            |       |       |   147 |   766 |  1532 |  1907 ||  4352
